 Dungeon Crawl Stone Soup version 0.30.1-11-g7821555f0a (webtiles) character file.

Game seed: 8250951632191437452

121520 Tauromancer the Severer (level 16, -1/155 HPs)
             Began as a Minotaur Fighter on Dec 21, 2023.
             Was a High Priest of Okawaru.
             Slain by an alligator (19 damage)
             ... on level 4 of the Swamp on Dec 22, 2023.
             The game lasted 02:30:35 (27142 turns).

Tauromancer the Severer (Minotaur Fighter)         Turns: 27142, Time: 02:30:36

Health: -1/155     AC: 30    Str: 32    XL:     16   Next: 32%
Magic:  19/19      EV: 13    Int:  5    God:    Okawaru [*****.]
Gold:   2267       SH: 11    Dex: 11    Spells: 15/15 levels left

rFire   . . .        b - +5 broad axe (drain)
rCold   . . .        K - +3 buckler
rNeg    . . .        O - +0 plate armour
rPois   .            M - +0 mask of the Dragon {Will+ Slay+3 SInv}
rElec   .            A - +2 cloak
rCorr   .            h - +3 pair of gauntlets of War {Slay+5}
SInv    +            g - +2 pair of boots
Will    ++...        c - amulet of regeneration Stlth
                     i - +5 ring of evasion
HPRegen 1.25/turn    B - +6 ring of strength
MPRegen 0.16/turn

%: clarity
@: lethally poisoned (-1 -> -3), studying Polearms
A: horns 2, retaliatory headbutt, clarity, screaming 1, weak 1, MP-powered wands
a: Renounce Religion, Heroism, Finesse, Duel


You were on level 4 of the Swamp.
You worshipped Okawaru.
Okawaru was extremely pleased with you.
You visited 4 branches of the dungeon, and saw 25 of its levels.
You also visited: Sewer and Bailey.

You collected 2267 gold pieces.

Inventory:

Hand Weapons
 a - a +3 war axe of flaming
 b - a +5 broad axe of draining (weapon)
 R - the +3 broad axe of Recklessness {antimagic, SInv}
   (Okawaru gifted it to you on level 2 of the Swamp)

   SInv:      It lets you see invisible.
Missiles
 F - 6 silver javelins (quivered)
Armour
 g - a +2 pair of boots (worn)
 h - the +3 pair of gauntlets of War (worn) {Slay+5}
   (Okawaru gifted it to you on level 12 of the Dungeon)

   Slay:      It affects your accuracy & damage with ranged weapons and melee
   (+5).
 A - a +2 cloak (worn)
 E - the +0 ring mail of Posaex {rPois Regen+ Str+2}
   (You found it on level 11 of the Dungeon)

   Str:       It affects your strength (+2).
   rPois:     It protects you from poison.
   Regen:     It increases your rate of health regeneration.
 K - a +3 buckler (worn)
 M - the +0 mask of the Dragon (worn) {Will+ Slay+3 SInv}
   (Okawaru gifted it to you on level 2 of the Lair of Beasts)

   Slay:      It affects your accuracy & damage with ranged weapons and melee
   (+3).
   SInv:      It lets you see invisible.
   Will:      It increases your willpower.
 O - a +0 plate armour (worn)
Jewellery
 c - an amulet of regeneration (around neck)
 i - a +5 ring of evasion (left hand)
 y - a ring of resist corrosion
 B - a +6 ring of strength (right hand)
 S - a +6 ring of strength
Wands
 l - a wand of flame (32)
 n - a wand of digging (7)
 v - a wand of mindburst (22)
 w - a wand of light (16)
 G - a wand of roots (60)
 P - a wand of polymorph (19)
Scrolls
 s - 6 scrolls of fog
 x - 17 scrolls of teleportation
 z - 2 scrolls of brand weapon
 C - 2 scrolls of fear
 D - 3 scrolls of blinking
 I - 6 scrolls of magic mapping
 J - 11 scrolls of identify
 L - a scroll of silence
Potions
 d - a potion of might
 e - 3 potions of ambrosia
 f - 2 potions of haste
 j - 6 potions of curing
 k - 3 potions of heal wounds
 m - 2 potions of invisibility
 o - 4 potions of flight
 p - 9 potions of brilliance
 q - 3 potions of cancellation
 r - a potion of berserk rage
 t - 2 potions of magic
 u - 3 potions of resistance
 H - 4 potions of lignification
 Q - a potion of mutation
Miscellaneous
 N - a phial of floods


   Skills:
 + Level 17.4 Fighting
 - Level 18.0 Axes
 + Level 17.3 Armour
 + Level 17.4 Shields
 - Level 6.0 Invocations
 - Level 4.0 Evocations


You had 15 spell levels left.
You didn't know any spells.
Your spell library contained the following spells:

 Spells                   Type           Power      Damage    Failure   Level
 Kiss of Death            Conj/Necr      0%         2d5       94%         1
 Necrotise                Necr           0%         1d4       94%         1
 Cigotuvi's Dreadful Rot  Necr/Pois/Air  0%         N/A       98%         2
 Ensorcelled Hibernation  Hex/Ice        0%         N/A       98%         2
 Passwall                 Tmut/Erth      0%         N/A       98%         2
 Poisonous Vapours        Pois/Air       0%         N/A       98%         2
 Scorch                   Fire           0%         2d5       98%         2
 Static Discharge         Conj/Air       0%         2-2/arc   98%         2
 Sublimation of Blood     Necr           0%         N/A       98%         2
 Frozen Ramparts          Ice            0%         1d1       100%        3
 Mephitic Cloud           Conj/Pois/Air  0%         N/A       100%        3
 Portal Projectile        Hex/Tloc       0%         N/A       100%        3
 Swiftness                Air            0%         N/A       100%        3
 Vampiric Draining        Necr           0%         2d6       100%        3
 Vhi's Electric Charge    Tloc/Air       0%         N/A       100%        3
 Airstrike                Air            0%         2d(0-16)  100%        4
 Dispel Undead            Necr           0%         3d6       100%        4
 Flame Wave               Conj/Fire      0%         2d4       100%        4
 Ice Form                 Ice/Tmut       0%         N/A       100%        4
 Passage of Golubria      Tloc           0%         N/A       100%        4
 Petrify                  Tmut/Erth      0%         N/A       100%        4
 Arcjolt                  Conj/Air       0%         1d10      100%        5
 Blade Hands              Tmut           0%         N/A       100%        5
 Borgnjor's Vile Clutch   Necr/Erth      0%         N/A       100%        5
 Freezing Cloud           Conj/Ice/Air   0%         6-21      100%        5
 Irradiate                Conj/Tmut      0%         3d11      100%        5
 Yara's Violent Unravell  Hex/Tmut       0%         3d3       100%        5
 Plasma Beam              Fire/Air       0%         2x1d11    100%        6
 Dragon Form              Tmut           0%         N/A       100%        7
 Ozocubu's Refrigeration  Ice            0%         4d7       100%        7
 Polar Vortex             Ice            0%         N/A       100%        9
 Tukima's Dance           Hex            Unusable   N/A       N/A         3
 Animate Dead             Necr           Unusable   N/A       N/A         4
 Summon Ice Beast         Ice/Summ       Unusable   N/A       N/A         4
 Summon Lightning Spire   Summ/Air       Unusable   N/A       N/A         4
 Death Channel            Necr           Unusable   N/A       N/A         6
 Simulacrum               Ice/Necr       Unusable   N/A       N/A         6
 Summon Cactus Giant      Summ           Unusable   N/A       N/A         6

Dungeon Overview and Level Annotations

Branches:
Dungeon (15/15)            Temple (1/1) D:7            Lair (5/5) D:9
  Swamp (4/4) Lair:2        Snake (0/4) Lair:2        Slime (0/5) Lair:4
    Orc (0/2) D:9          Vaults (0/5) D:14         Depths (0/4) D:15
  Sewer (visited)          Bailey (visited)

Altars:
Ashenzari
Cheibriados
Dithmenos
Elyvilon
Fedhas
Kikubaaqudgha
Makhleb
Okawaru
Qazlal
Ru
Sif Muna
Trog
Uskayaw
Wu Jian
Xom
Yredelemnul
Zin
The Shining One
Jiyva

Shops:
D:4 :

Portals:
Hell: Lair:5

Annotations:
Swamp:4 3 runed translucent doors, Kazon's ghost, adept GrGl; MrSquiggles's ghost, adept DsGl


Innate Abilities, Weirdness & Mutations

You have a pair of horns on your head.
You reflexively headbutt those who attack you in melee.
You possess an exceptional clarity of mind.
You occasionally shout uncontrollably at your foes.
You are weak. (Str -2)
You expend magic power (3 MP) to strengthen your wands.


Message History

You feel extremely sick.
The swamp dragon bites you but does no damage.
The swamp dragon barely misses you.
The swamp dragon tramples you but does no damage.
You feel better.
You are engulfed in poison gas.
You are poisoned.
* * * LOW HITPOINT WARNING * * *
You feel very sick.
The swamp dragon breathes poison at you.
The blast of poison engulfs you.
You are more poisoned.
* * * LOW HITPOINT WARNING * * *
The alligator is engulfed in poison gas.
The alligator is poisoned.
You hear a deafening roar!
The alligator attacks as you move away! You block the alligator's attack. x2
You are engulfed in poison gas.
You are more poisoned.
* * * LOW HITPOINT WARNING * * *
x2 You feel extremely sick.
The alligator is engulfed in poison gas.
The alligator looks even sicker.
The swamp dragon bites you but does no damage.
The swamp dragon barely misses you. The swamp dragon tramples you.
* * * LOW HITPOINT WARNING * * *
You stumble backwards!
The alligator is engulfed in poison gas.
The alligator looks even sicker.
You feel better.
You are engulfed in poison gas.
You are poisoned.
* * * LOW HITPOINT WARNING * * *
You feel very sick.
The alligator looks as sick as possible!
You block the alligator's attack. The alligator closely misses you.
The swamp dragon completely misses you. You furiously retaliate!
You headbutt the swamp dragon! You block the swamp dragon's attack. x2
The alligator is engulfed in poison gas.
The alligator looks as sick as possible!
The alligator bites you!!
You die...

♣<~..♣~§~~♣♣ ♣♣♣♣..~...~♣.
#♣~~~♣~§~~♣ #~~...)♣♣♣
♣.~♣♣♣~.♣♣ ♣[~...~†~. ♣~♣♣
♣♣♣♣ ♣♣.#.♣~~~. ♣♣♣ ♣♣
♣....♣♣... ###
♣≈.♣♣♣♣≈§...♣♣♣~
#≈####≈≈#####≈.♣♣♣.......~
≈~~≈°≈○~~####.≈♣...~..~♣
≈#.~#~°#t@#~#....~.†......
...§~~[°D..~..~...~~.~..†~
§≈.≈.~#†°≈≈.##...♣♣.......
≈≈##~.~~≈≈######.♣♣≈...~♣.
##.~#### ##≈.♣♣♣~..~..~
.~.# #≈.♣♣♣~.~..... #~≈~
#♣♣≈♣.~..~.~~. ##≈.
♣♣≈#..:~..... .≈
♣≈≈≈.♣~#.~~..


You could see an alligator (swift, extremely poisoned) and a swamp dragon
(drained).

Vanquished Creatures
  the Lernaean hydra (Swamp:4)
  A tentacled monstrosity (Swamp:4)
  Agnes (D:15)
  A thorn hunter (Swamp:2)
  Aizul (Swamp:3)
  Nessos (Lair:4)
  2 bunyips (Swamp:4)
  5 eleionomae
  A fire dragon (D:15)
  Snorg (D:12)
  2 shambling mangroves
  4 vault guards (D:14)
  An ice dragon (D:15)
  The ghost of cdudytooty the Basher, a journeyman MiHu of Elyvilon (D:8)
  14 hydras
  A catoblepas (Lair:4)
  2 two-headed ogres
  6 boulder beetles
  5 centaur warriors (D:14)
  8 alligators
  A spriggan berserker (Swamp:4)
  4 skysharks
  2 tengu warriors
  A sixfirhy (Lair:5)
  8 goliath frogs
  Lodul (D:12)
  2 spriggan druids (Swamp:4)
  12 swamp dragons
  3 bog bodies
  A lindwurm (shapeshifter) (D:15)
  3 orc knights
  3 wizards
  A deep elf pyromancer (D:15)
  7 will-o-the-wisps
  An orc sorcerer (D:14)
  An ugly thing (D:13)
  4 cyclopes
  A salamander (Lair:2)
  A manticore (D:14)
  4 elephants
  Maurice (D:10)
  2 black mambas (Lair:2)
  A black mamba (shapeshifter) (D:15)
  A torpor snail (Lair:3)
  A smoke demon (Lair:5)
  16 cane toads
  2 orange demons (Lair:5)
  A gargoyle (D:14)
  3 kobold demonologists
  The ghost of MoonRiver the Changer, a novice DrTm of Hepliaklqana (D:7)
  5 rime drakes
  14 komodo dragons
  Maggie (D:7)
  A yaktaur (D:14)
  3 efreet
  A tengu conjurer (D:14)
  2 red devils (Lair:5)
  2 ice devils (Lair:5)
  A merfolk (D:12)
  A bloated husk (Swamp:3)
  A queen bee (Lair:2)
  3 meliai (D:13)
  A hornet (shapeshifter) (D:13)
  7 trolls
  A snapping turtle (shapeshifter) (D:15)
  4 blink frogs
  6 tyrant leeches
  9 hornets
  5 dream sheep (Lair:5)
  A shadow (D:11)
  8 spriggans
  4 wraiths
  9 wyverns
  7 basilisks
  A human (D:14)
  64 yaks
  A steam dragon (D:8)
  13 vampire mosquitoes
  13 swamp worms
  25 water moccasins
  3 acid dragons
  Duvessa (D:6)
  4 hell hounds (Lair:5)
  2 ice beasts
  11 orc warriors
  6 black bears
  7 swamp drakes
  2 sky beasts (D:6)
  9 ogres
  7 centaurs
  A wolf (Lair:2)
  A phantom (D:6)
  8 bullfrogs
  17 kobold brigands
  A gnoll sergeant (D:10)
  7 scorpions
  Dowan (D:6)
  4 wights (D:8)
  30 killer bees
  3 electric eels (Lair:1)
  5 howler monkeys
  A spectral centaur (D:8)
  5 jellies
  3 lava snakes (Lair:2)
  2 quasits (D:5)
  6 orc priests
  7 hounds
  A centaur skeleton (D:8)
  2 gnoll boudas
  Ijyb (D:5)
  2 sleepcaps
  12 iguanas
  7 orc wizards
  2 centaur simulacra
  A spectral howler monkey (D:8)
  A howler monkey zombie (D:8)
  16 gnolls
  2 river rats (Sewer)
  11 adders
  7 shadow imps
  6 white imps
  9 ufetubi
  4 worms
  46 orcs
  6 ball pythons
  3 bats
  6 endoplasms
  8 giant cockroaches
  7 goblins
  3 hobgoblins
  2 jackals (D:4)
  24 kobolds
  2 quokkas
  13 frilled lizards
  4 rats
  A spectral orc (D:5)
726 creatures vanquished.

Vanquished Creatures (others)
  An alligator (Swamp:4)
  A bloated husk (Swamp:1)
  An orc wizard (D:3)
  22 foxfires
25 creatures vanquished.

Grand Total: 751 creatures vanquished

Notes
Turn   | Place    | Note
-------+----------+-------------------------------------------
     0 | D:1      | Tauromancer the Minotaur Fighter began the quest for the
                  | Orb.
     0 | D:1      | Reached XP level 1. HP: 19/19 MP: 0/0
    86 | D:1      | Reached skill level 3 in Axes
   136 | D:1      | Reached XP level 2. HP: 20/26 MP: 1/1
   204 | D:1      | Found a faded altar of an unknown god.
   213 | D:1      | Prayed at the altar of an unknown god.
   213 | D:1      | Became a worshipper of Kikubaaqudgha
   213 | D:1      | Reached * piety under Kikubaaqudgha
   213 | D:1      | Received a gift from Kikubaaqudgha
   214 | D:1      | Fell from the grace of Kikubaaqudgha
   829 | D:2      | Reached skill level 4 in Axes
   985 | D:2      | Found a burning altar of Makhleb.
   999 | D:2      | Reached XP level 3. HP: 31/31 MP: 2/2
  1493 | D:3      | Found a glowing drain.
  1566 | Sewer    | Entered a sewer
  1604 | Sewer    | Reached skill level 5 in Axes
  1632 | Sewer    | Reached XP level 4. HP: 18/39 MP: 3/3
  1810 | Sewer    | Reached skill level 6 in Axes
  1812 | Sewer    | Reached XP level 5. HP: 38/45 MP: 4/4
  1837 | Sewer    | Found a viscous altar of Jiyva.
  1923 | Sewer    | Reached skill level 7 in Axes
  2464 | D:3      | Reached XP level 6. HP: 51/51 MP: 5/5
  2546 | D:3      | Reached skill level 8 in Axes
  2917 | D:4      | Found Lecyawyph's Book Emporium.
  3136 | D:4      | Found a shimmering blue altar of Sif Muna.
  3210 | D:4      | Identified the staff of cold "Duehesez" {rC+ Stlth+}
  3272 | D:4      | Found a burning altar of Makhleb.
  3325 | D:4      | Reached skill level 9 in Axes
  3529 | D:5      | Entered Level 5 of the Dungeon
  3543 | D:5      | Reached XP level 7. HP: 56/57 MP: 6/6
  3658 | D:5      | Noticed Ijyb
  3669 | D:5      | Killed Ijyb
  3860 | D:5      | Found a basalt altar of Yredelemnul.
  3919 | D:5      | Reached skill level 10 in Axes
  4095 | D:5      | Reached skill level 11 in Axes
  4391 | D:5      | Reached XP level 8. HP: 64/64 MP: 7/7
  4720 | D:6      | Noticed Duvessa
  4720 | D:6      | Noticed Dowan
  4721 | D:6      | Noticed a kobold demonologist
  4749 | D:5      | Reached skill level 12 in Axes
  4758 | D:6      | Noticed a soul eater
  4764 | D:6      | Killed Duvessa
  4774 | D:5      | Noticed a soul eater
  4776 | D:5      | Gained mutation: You are weak. (Str -2) [a neqoxec]
  4778 | D:5      | Killed a kobold demonologist
  4779 | D:5      | Reached skill level 13 in Axes
  4844 | D:6      | Killed Dowan
  4891 | D:6      | Reached skill level 14 in Axes
  4891 | D:6      | Reached XP level 9. HP: 42/70 MP: 4/8
  5036 | D:6      | Found an ornate altar of the Wu Jian Council.
  5040 | D:6      | Found a shadowy altar of Dithmenos.
  5222 | D:6      | Found a blossoming altar of Fedhas.
  5863 | D:7      | Reached skill level 15 in Axes
  5946 | D:7      | Found a staircase to the Ecumenical Temple.
  5961 | Temple   | Entered the Ecumenical Temple
  5980 | Temple   | Became a worshipper of Warmaster Okawaru
  6121 | D:7      | Noticed Maggie
  6130 | D:7      | Killed Maggie
  6131 | D:7      | Reached skill level 16 in Axes
  6364 | D:7      | Found a runed translucent gate.
  6364 | D:7      | Noticed a kobold demonologist
  6365 | D:7      | Found a runed translucent gate.
  6365 | D:7      | Found a runed translucent gate.
  6365 | D:7      | Noticed MoonRiver's ghost (novice DrTm)
  6536 | D:7      | Reached skill level 1 in Invocations
  6686 | D:7      | Was forgiven by Kikubaaqudgha
  6823 | D:8      | Reached * piety under Okawaru
  6917 | D:8      | Found a runed translucent gate.
  6921 | D:8      | Found a runed translucent gate.
  6921 | D:8      | Found a runed translucent gate.
  6926 | D:8      | Noticed cdudytooty's ghost (journeyman MiHu)
  7151 | D:8      | Reached XP level 10. HP: 75/80 MP: 8/10
  7183 | D:8      | Found a flagged portal.
  7243 | Bailey   | Entered a bailey
  7283 | Bailey   | Noticed an orc knight
  7298 | Bailey   | Killed an orc knight
  7298 | Bailey   | Reached ** piety under Okawaru
  7299 | Bailey   | Reached skill level 5 in Fighting
  7299 | Bailey   | Reached skill level 5 in Armour
  7299 | Bailey   | Reached skill level 5 in Shields
  7483 | Bailey   | Found a bloodstained altar of Trog.
  8258 | D:9      | Reached *** piety under Okawaru
  8494 | D:9      | Reached **** piety under Okawaru
  8554 | D:9      | Reached XP level 11. HP: 67/92 MP: 9/13
  8627 | D:9      | Found a staircase to the Lair.
  8772 | D:9      | Found a staircase to the Orcish Mines.
  9266 | D:9      | Lost mutation: You are weak. (Str -2) [potion of mutation]
  9266 | D:9      | Gained mutation: You are frail. (-10% HP) [potion of
                  | mutation]
  9266 | D:9      | Gained mutation: You possess an exceptional clarity of
                  | mind. [potion of mutation]
  9267 | D:9      | Lost mutation: You possess an exceptional clarity of mind.
                  | [potion of mutation]
  9267 | D:9      | Lost mutation: You are frail. (-10% HP) [potion of
                  | mutation]
  9267 | D:9      | Gained mutation: You are weak. (Str -2) [potion of
                  | mutation]
  9267 | D:9      | Gained mutation: You occasionally shout uncontrollably at
                  | your foes. [potion of mutation]
  9267 | D:9      | Gained mutation: You possess an exceptional clarity of
                  | mind. [potion of mutation]
  9267 | D:9      | Gained mutation: You expend magic power (3 MP) to
                  | strengthen your wands. [potion of mutation]
  9320 | D:10     | Entered Level 10 of the Dungeon
  9469 | D:10     | Noticed Maurice
  9494 | D:10     | Killed Maurice
 10081 | D:10     | Found a sacrificial altar of Ru.
 10771 | D:7      | Killed MoonRiver's ghost
 10961 | D:8      | Killed cdudytooty's ghost
 11113 | Lair:1   | Entered Level 1 of the Lair of Beasts
 11195 | Lair:1   | Reached ***** piety under Okawaru
 11196 | Lair:1   | Reached skill level 10 in Shields
 11344 | Lair:1   | Reached skill level 10 in Fighting
 11451 | Lair:1   | Reached skill level 10 in Armour
 11554 | Lair:1   | Reached XP level 12. HP: 103/106 MP: 14/14
 12610 | Lair:2   | Received a gift from Okawaru
 12963 | Lair:2   | Got the Volume of Tectonic Forms
 13267 | Lair:2   | Reached skill level 1 in Evocations
 13277 | Lair:2   | Found a staircase to the Swamp.
 13499 | Lair:2   | Found a staircase to the Snake Pit.
 13945 | Lair:2   | Reached ****** piety under Okawaru
 13945 | Lair:2   | Received a gift from Okawaru
 13946 | Lair:2   | Found the +0 mask of the Dragon {Will+ Slay+3 SInv}
 14113 | Lair:3   | Noticed a seven-headed hydra
 14123 | Lair:3   | Killed an 11-headed hydra
 14418 | Lair:3   | Reached skill level 5 in Invocations
 14429 | Lair:3   | Reached XP level 13. HP: 94/117 MP: 12/15
 14741 | Lair:3   | You fall into a shaft and drop 2 floors!
 14741 | Lair:5   | Entered Level 5 of the Lair of Beasts
 15117 | Lair:4   | Noticed Nessos
 15347 | Lair:3   | Found the +8 demon blade "Leech" {evervamp, Harm Drain rN+}
 16355 | Lair:4   | Found a viscous altar of Jiyva.
 16357 | Lair:4   | Found a staircase to the Slime Pits.
 16585 | Lair:4   | Killed Nessos
 16589 | Lair:4   | Identified the +9 battleaxe of Zellasut {venom, Str+3}
 17449 | Lair:5   | Reached skill level 17 in Axes
 17690 | Lair:5   | Received a gift from Okawaru
 18290 | Lair:5   | Found a burning altar of Makhleb.
 18294 | Lair:5   | Reached XP level 14. HP: 117/129 MP: 15/17
 18333 | Lair:5   | Received a gift from Okawaru
 18333 | Lair:5   | Found the +7 mace of Variability {chaos, chaos arc}
 18607 | Lair:5   | Found a gateway to Hell.
 19120 | D:11     | Identified the +0 ring mail of Posaex {rPois Regen+ Str+2}
 19456 | D:11     | Found a hide-covered altar of Uskayaw.
 20047 | D:12     | Noticed Lodul
 20061 | D:12     | Killed Lodul
 20197 | D:12     | Received a gift from Okawaru
 20197 | D:12     | Found the +3 pair of gauntlets of War {Slay+5}
 20447 | D:12     | Noticed Snorg
 20455 | D:12     | Killed Snorg
 20778 | D:13     | Reached skill level 18 in Axes
 21438 | D:14     | Found a broken altar of Ashenzari.
 22480 | D:14     | Identified the +0 chain mail of Hangman {rF+} (Okawaru
                  | gifted it to you on level 14 of the Dungeon)
 22480 | D:14     | Received a gift from Okawaru
 22531 | D:14     | Found a gate to the Vaults.
 22542 | D:14     | Reached skill level 15 in Shields
 22818 | D:15     | Entered Level 15 of the Dungeon
 22826 | D:15     | Reached skill level 15 in Fighting
 22826 | D:15     | Reached XP level 15. HP: 141/141 MP: 16/18
 22916 | D:15     | Found a stormy altar of Qazlal.
 22979 | D:15     | Reached skill level 15 in Armour
 23275 | D:15     | Found a staircase to the Depths.
 23519 | D:15     | Noticed Agnes
 23528 | D:15     | Killed Agnes
 23989 | Swamp:1  | Entered Level 1 of the Swamp
 24759 | Swamp:2  | Identified the +3 broad axe of Recklessness {antimagic,
                  | SInv} (Okawaru gifted it to you on level 2 of the Swamp)
 24759 | Swamp:2  | Received a gift from Okawaru
 25082 | Swamp:2  | Noticed a thorn hunter
 25109 | Swamp:2  | Killed a thorn hunter
 25356 | Swamp:3  | Noticed Aizul
 25401 | Swamp:3  | Killed Aizul
 25819 | Swamp:3  | Received a gift from Okawaru
 26001 | Swamp:4  | Entered Level 4 of the Swamp
 26370 | Swamp:4  | Noticed a tentacled monstrosity
 26372 | Swamp:4  | Found a runed translucent gate.
 26372 | Swamp:4  | Found a runed translucent gate.
 26377 | Swamp:4  | Killed a tentacled monstrosity
 26378 | Swamp:4  | Reached XP level 16. HP: 142/154 MP: 19/19
 26387 | Swamp:4  | Found a runed translucent gate.
 26390 | Swamp:4  | Noticed Kazon's ghost (adept GrGl)
 26390 | Swamp:4  | Noticed MrSquiggles's ghost (adept DsGl)
 26900 | Swamp:4  | Noticed the 27-headed Lernaean hydra
 26924 | Swamp:4  | Killed the 20-headed Lernaean hydra
 26924 | Swamp:4  | Received a gift from Okawaru
 27142 | Swamp:4  | Slain by an alligator

Illustrated notes

Levels and vault maps discovered:
D:1:      dpeg_arrival_stonehenge_12_columns, layout_loops_ring,
          hellmonk_ecumenical_altar_pennies_from_heaven
D:2:      layout_basic, basic_altar, minmay_misc_feat_tower,
          nicolae_figureground_pulse
D:3:      layout_loops_corners, cheibrodos_sewer_entry_drain
D:4:      layout_loops_ring, mainiacjoe_overflow_tiny_flanked,
          lemuel_crystal_altar, serial_shops, shop_statue, st_stairs_12
D:5:      layout_gridville, yredelemnul_forgotten_temple_becter, serial_demonic,
          serial_demonic_g, serial_demonic_c, serial_demonic_a,
          serial_demonic_f, serial_demonic_d, serial_demonic_d, uniq_ijyb
D:6:      layout_basic, fedhas_altar_2, nicolae_overflow_hidden_temple,
          uniq_duvessa
D:7:      layout_loops_cross, minmay_temple_entry_ruins,
          gammafunk_ghost_nasty_kobolds, nicolae_elevator_lobby_asterisk,
          uniq_maggie
D:8:      layout_loops_ring, gammafunk_ghost_necromancy, enter_bailey_5,
          grunt_decor_one_mirror
D:9:      layout_basic, minmay_lair_entry_grove, hiddenorc2_lemuel
D:10:     layout_irregular_city, lemuel_coloured_pillars_altar,
          minmay_misc_feat_plants, minmay_door_square, uniq_maurice
D:11:     layout_loops_corners, nicolae_uskayaw_dance_hall
D:12:     layout_roguey, grunt_ministairs_10, hangedman_fish_farm, uniq_lodul,
          uniq_snorg
D:13:     layout_irregular_city, minmay_lizard_king
D:14:     layout_irregular_city, grunt_vaults_entry_fortified, basic_altar
D:15:     grunt_enter_depths_hoard, layout_cave_pods, serial_rivers,
          chequers_serial_rivers_micro_e, chequers_serial_rivers_small_3,
          chequers_serial_rivers_room_b, chequers_serial_rivers_micro_d,
          chequers_serial_rivers_micro_c, chequers_serial_rivers_room_b,
          serial_bayou_pond_e, nicolae_qazlal_eye_of_the_storm, uniq_agnes
Temple:   eino_wide_crystal_templ
Lair:1:   layout_regular_city, serial_bayou, serial_bayou_crossing,
          serial_bayou_pond_d, serial_bayou_ford_a, serial_bayou_lagoon_b,
          serial_bayou_lake_a, beast_lair_carwin_3
Lair:2:   regret_index_tunnel_blossom, layout_gridlike,
          skrybe_swamp_entry_bodies, nicolae_snake_entry_warm_welcome
Lair:3:   layout_regular_city, lemuel_fruit_tree
Lair:4:   layout_layer_cave, slime_entry_1, grunt_megastairs_4, uniq_nessos
Lair:5:   evil_forest, layout_layer_cave, chequers_serial_rivers_micro_e,
          grunt_megastairs_1
Swamp:1:  layout_falls_marsh, evilmike_swamp_ruin_house_5
Swamp:2:  layout_basic_swamp, nicolae_swamp_stair_fork, swamp_pool3
Swamp:3:  layout_basic_swamp, hangedman_swamp_ruin_wall, uniq_aizul
Swamp:4:  swamp_old_school, layout_basic_swamp, gammafunk_ghost_cemetery,
          swamp_pool4, nicolae_swamp_treefoil, infiniplex_staircase_pool_2

Skill      XL: |  1  2  3  4  5  6  7  8  9 10 11 12 13 14 15 16 |
---------------+-------------------------------------------------+-----
Axes           | 3 4 5 6 7 9 11 14 16 17 18 | 18.0
Shields        | 4 7 10 12 13 15 16 17 | 17.4
Fighting       | 4 7 10 11 13 15 16 17 | 17.4
Invocations    | 2 4 5 6 |  6.0
Armour         | 4 7 10 11 13 14 16 17 | 17.3
Evocations     | 2 4 |  4.0

Action                     |  1- 3 |  4- 6 |  7- 9 | 10-12 | 13-15 | 16-18 || total
---------------------------+-------+-------+-------+-------+-------+-------++-------
  Melee: War axe           |    73 |   128 |   306 |   477 |       |       ||   984
         Headbutt          |     7 |    22 |    39 |    86 |   190 |    25 ||   369
         Broad axe         |       |       |       |    44 |   793 |    68 ||   905
         Hand axe          |       |       |       |       |    16 |    33 ||    49
  Throw: Throwing net      |       |       |       |       |     2 |       ||     2
         Javelin           |       |       |       |       |     3 |       ||     3
 Invoke: Renounce Religion |     1 |       |       |       |       |       ||     1
         Heroism           |       |       |       |     5 |     5 |     1 ||    11
         Finesse           |       |       |       |     2 |     4 |     2 ||     8
  Evoke: Wand              |       |       |       |       |     6 |       ||     6
         Phial of floods   |       |       |       |       |     1 |       ||     1
    Use: Scroll            |     3 |     6 |     5 |    10 |    14 |     1 ||    39
         Potion            |       |     3 |     2 |     5 |     6 |     9 ||    25
   Stab: Held in net/web   |       |       |       |       |     1 |       ||     1
         Distracted        |       |       |       |       |     2 |       ||     2
         Confused          |       |       |       |       |     1 |       ||     1
 Armour: Chain mail        |    24 |    53 |   155 |   241 |   136 |       ||   609
         Plate armour      |       |       |       |       |   242 |   168 ||   410
         Ring mail         |       |       |       |       |    11 |       ||    11
  Dodge: Dodged            |    40 |    65 |   179 |   206 |   363 |    79 ||   932
  Block: Buckler           |    18 |    18 |    79 |   148 |   298 |    82 ||   643
